 Dungeon Crawl Stone Soup version 0.28-a0-60-g54b5640690 (webtiles) character file.

Game seed: 2778198696086613466

934 Spaninq the Cudgeller (level 8, -8/84 HPs)
             Began as an Ogre Wanderer on July 30, 2021.
             Was a Priest of Wu Jian.
             Mangled by an ogre (20 damage)
             ... on level 5 of the Dungeon.
             The game lasted 00:10:19 (5512 turns).

Spaninq the Cudgeller (Ogre Wanderer)               Turns: 5512, Time: 00:10:20

Health: -8/84      AC:  5    Str: 20    XL:     8   Next: 11%
Magic:  13/13      EV:  9    Int: 11    God:    Wu Jian [***...]
Gold:   148        SH:  0    Dex:  9    Spells: 14/14 levels left

rFire   . . .      SeeInvis .   o - +2 flail (vorpal)
rCold   + . .      Faith    .   (no shield)
rNeg    . . .      Spirit   .   d - +1 robe
rPois   .          Reflect  .   i - +1 hat "Selafy" {rCorr}
rElec   .          Harm     .   a - scarf {repulsion}
rCorr   +          Rampage  .   (gloves unavailable)
Will    .....                   (boots unavailable)
Stlth   +.........              (no amulet)
HPRegen 0.24/turn               l - ring of protection from cold
MPRegen 0.13/turn               (no ring)

@: repel missiles
A: large, unfitting armour, tough skin 1
a: Renounce Religion, Wall Jump, Serpent's Lash


You were on level 5 of the Dungeon.
You worshipped Wu Jian.
Wu Jian was most pleased with you.
You visited 2 branches of the dungeon, and saw 6 of its levels.

You collected 148 gold pieces.

Inventory:

Hand Weapons
 o - a +2 vorpal flail (weapon)
Missiles
 g - 2 throwing nets
Armour
 a - a scarf of repulsion (worn)
 d - a +1 robe (worn)
 i - the +1 hat "Selafy" (worn) {rCorr}
   (You acquired it on level 2 of the Dungeon)

   rCorr:     It protects you from acid and corrosion.
Jewellery
 l - a ring of protection from cold (left hand)
Scrolls
 c - 3 scrolls of teleportation
 e - a scroll of amnesia {unknown}
Potions
 h - a potion of attraction {unknown}
 j - a potion of invisibility {unknown}
 k - a potion of curing {unknown}
 m - 2 potions of brilliance {unknown}
 n - a potion of ambrosia {unknown}
 p - a potion of berserk rage {unknown}
Miscellaneous
 b - a phial of floods (quivered)


   Skills:
 + Level 6.7 Fighting
 * Level 6.9 Maces & Flails
 - Level 1.0 Throwing
 + Level 0.5 Armour
 + Level 0.5 Dodging
 - Level 3.6 Spellcasting
 - Level 1.0 Necromancy
 - Level 1.0 Translocations
 - Level 1.0 Evocations


You had 14 spell levels left.
You didn't know any spells.
Your spell library contained the following spells:

 Spells                   Type           Power      Damage    Failure   Level
 Corona                   Hex            1%         N/A       26%         1
 Ensorcelled Hibernation  Hex/Ice        2%         N/A       36%         2
 Tukima's Dance           Hex            1%         N/A       58%         3


Dungeon Overview and Level Annotations

Branches:
Dungeon (5/15)             Temple (1/1) D:4

Altars:
Fedhas
Gozag
Hepliaklqana
Kikubaaqudgha
Nemelex Xobeh
Qazlal
Uskayaw
Vehumet
Wu Jian
Yredelemnul
Zin
The Shining One


Innate Abilities, Weirdness & Mutations

You are too large for most types of armour.
You have tough skin. (AC +1)


Message History

The orc completely misses you.
An orc comes into view. It is wielding a +0 hand axe.
An ogre comes into view. It is wielding a +0 giant spiked club.
You barely miss the orc.
The orc shouts!
The ogre shouts!
You hear a shout! x2
The orc hits you but does no damage.
An orc comes into view. It is wielding a +0 short sword.
You see here an adder corpse.
Things that are here:
a +0 giant club; an ogre corpse You closely miss the orc.
The orc hits you but does no damage.
You closely miss the orc. The orc closely misses you.
You closely miss the orc. The orc misses you.
You thump the orc!
You kill the orc!
The Council accepts your kill.
You spin and attack the orc.
You sock the orc!
You kill the orc!
The Council accepts your kill.
You lunge at the ogre.
You barely miss the ogre. The ogre misses you.
You hit the ogre but do no damage.
The ogre hits you with a +0 giant spiked club!
You sock the ogre!
The ogre is heavily wounded.
The ogre hits you with a +0 giant spiked club!!
You lunge at the ogre.
You hit the ogre.
The ogre is heavily wounded.
The ogre hits you with a +0 giant spiked club!!
* * * LOW HITPOINT WARNING * * *
There is a stone staircase leading up here.
You spin and attack the ogre.
You barely miss the ogre.
The ogre is heavily wounded.
The ogre hits you with a +0 giant spiked club!
* * * LOW HITPOINT WARNING * * *
Found a scroll of identify.
Okay, then.
You sock the ogre!
The ogre is almost dead.
The ogre hits you with a +0 giant spiked club!!
You die...

#########
#.......#
#.......#
#.......# #####
#.@.....#
#...#####O.?....#
#....Z...o...####
##...#...Z#####
######...#..####
......<..#.##
#..#...#...#
#.#..#...###
.<..##.#.#


You could see an ogre, an orc and a centaur zombie.

Vanquished Creatures
  Grinder (D:4)
  An ice beast (D:4)
  2 ogres
  Blork the orc (D:4)
  A hound (D:4)
  A bullfrog skeleton (D:4)
  An orc priest (D:4)
  3 orc wizards
  A howler monkey zombie (D:4)
  Robin (D:4)
  5 gnolls
  5 adders
  An ufetubus (D:4)
  3 worms
  2 dart slugs
  8 orcs
  12 ball pythons
  8 endoplasms
  4 giant cockroaches
  11 goblins
  10 hobgoblins
  5 jackals
  13 kobolds
  4 quokkas
  4 bats
  5 frilled lizards
  8 rats
121 creatures vanquished.

Vanquished Creatures (others)
  A bush (D:3)
  17 plants
18 creatures vanquished.

Grand Total: 139 creatures vanquished

Notes
Turn   | Place    | Note
-------+----------+-------------------------------------------
     0 | D:1      | Spaninq the Ogre Wanderer began the quest for the Orb.
     0 | D:1      | Spaninq set off with the following items: a +0 mace, a
                  | phial of floods, a scroll of teleportation, a +0 robe
     0 | D:1      | Reached XP level 1. HP: 19/19 MP: 5/5
    70 | D:1      | Reached XP level 2. HP: 9/28 MP: 6/6
   557 | D:1      | Reached XP level 3. HP: 36/36 MP: 8/8
  1043 | D:1      | Found a faded altar of an unknown god.
  1062 | D:1      | Became a worshipper of the Wu Jian Council
  1062 | D:1      | Reached * piety under Wu Jian
  1640 | D:2      | Reached XP level 4. HP: 37/45 MP: 9/9
  1848 | D:2      | Identified a scroll of acquirement
  1848 | D:2      | Acquired the +1 hat "Selafy" {rCorr}
  2427 | D:3      | Reached ** piety under Wu Jian
  2499 | D:3      | Found an opulent altar of Gozag.
  2502 | D:3      | Found a basalt altar of Yredelemnul.
  2502 | D:3      | Found a blossoming altar of Fedhas.
  2897 | D:3      | Reached XP level 5. HP: 38/54 MP: 10/10
  3709 | D:4      | Noticed Grinder
  3714 | D:4      | Paralysed by Grinder for 3 turns
  3735 | D:4      | Killed Grinder
  3736 | D:4      | Reached skill level 5 in Fighting
  3736 | D:4      | Reached skill level 5 in Maces & Flails
  3736 | D:4      | Reached XP level 6. HP: 35/66 MP: 11/11
  4036 | D:4      | Reached XP level 7. HP: 65/72 MP: 12/12
  4090 | D:4      | Found a staircase to the Ecumenical Temple.
  4100 | D:4      | Noticed Blork the orc
  4367 | D:4      | Killed Blork the orc
  4586 | Temple   | Entered the Ecumenical Temple
  4894 | D:4      | Noticed Robin
  4898 | D:4      | Killed Robin
  4907 | D:4      | Reached *** piety under Wu Jian
  5346 | D:4      | Reached XP level 8. HP: 80/84 MP: 13/13
  5429 | D:5      | Entered Level 5 of the Dungeon
  5433 | D:5      | Identified the +2 mace "Qugagaocs" {venom, +Rage rF+}
  5512 | D:5      | Mangled by an ogre

Illustrated notes

Levels and vault maps discovered:
D:1:      lightli_arrival_lavapool, layout_basic, shapermc_ecumenical_altar_gd
D:2:      minmay_door_path, layout_basic, minmay_between
D:3:      layout_basic, grunt_temple_overflow_open, lexackson_kobold_supper
D:4:      layout_loops_ring, minmay_temple_entry_trees, uniq_blork_the_orc,
          uniq_grinder, uniq_robin
D:5:      layout_rooms
Temple:   jpeg_temple_island

Skill      XL: |  1  2  3  4  5  6  7 |
---------------+----------------------+-----
Maces & Flails | 2 3 5 6 |  6.9
Fighting       | 2 3 5 6 |  6.7
Throwing       | |  1.0
Armour         | |  0.5
Dodging        | |  0.5
Spellcasting   | |  3.6
Necromancy     | |  1.0
Translocations | |  1.0
Evocations     | |  1.0

Action                   |  1- 3 |  4- 6 |  7- 9 || total
-------------------------+-------+-------+-------++-------
Melee: Mace              |   113 |   119 |       ||   232
       Flail             |       |    51 |   103 ||   154
Invok: Lunge             |     7 |    13 |     6 ||    26
       Whirlwind         |       |    13 |     2 ||    15
  Use: Scroll            |       |     6 |     1 ||     7
       Potion            |       |     1 |     3 ||     4
 Stab: Sleeping          |       |     1 |       ||     1
Armor: Robe              |    28 |    66 |    35 ||   129
Dodge: Dodged            |    50 |    79 |    32 ||   161

Table legend: (Time is in decaauts)
 A = Elapsed time spent in this place.
 B = Non-inter-level travel time spent in this place.
 C = Inter-level travel time spent in this place.
 D = Time resting spent in this place.
 E = Time spent auto-exploring this place.
 F = Levels seen in this place.
 G = Mean time per level.
                   A        B        C        D        E       F      G
               +--------+--------+--------+--------+--------+-----+--------+
         Total |   5598 |   5504 |     94 |    885 |   3560 |   6 |  933.0 |
       Dungeon |   5387 |   5298 |     89 |    885 |   3355 |   5 | 1077.4 |
        Temple |    211 |    206 |      5 |      0 |    204 |   1 |  211.0 |
               +--------+--------+--------+--------+--------+-----+--------+

Top non-repeatable levels by time:
     D:3: 1557 daAuts
     D:1: 1469 daAuts
     D:4: 1331 daAuts
     D:2: 945 daAuts
  Temple: 211 daAuts
     D:5: 83 daAuts
